 Dungeon Crawl Stone Soup version 0.30.1-4-g462c640d31 (webtiles) character file.

Game seed: 7806149572953780378

37 SirLogeyBear the Chopper (level 3, -7/49 HPs)
             Began as a Hill Orc Berserker on Aug 11, 2023.
             Was a Follower of Trog.
             Mangled by a +11 short sword "Hydrabane" {spect, rF+ rN+ Int+4 Dex+3} (8 damage)
             ... created by a goblin
             ... on level 2 of the Dungeon.
             The game lasted 00:01:43 (1406 turns).

SirLogeyBear the Chopper (Hill Orc Berserker)       Turns: 1406, Time: 00:01:45

Health: -7/49      AC:  8    Str: 21    XL:     3   Next: 39%
Magic:  3/3        EV: 10    Int:  7    God:    Trog [*.....]
Gold:   87         SH:  0    Dex: 10    Spells: 2/2 levels left

rFire   . . .        a - +0 hand axe
rCold   . . .        (no shield)
rNeg    . . .        j - +0 scale mail
rPois   .            (no helmet)
rElec   .            (no cloak)
rCorr   .            e - +1 pair of gloves
SInv    .            (no boots)
Will    .....        (no amulet) Stlth
                     (no ring)
HPRegen 0.28/turn    (no ring)
MPRegen 0.08/turn

%: no passive effects
@: berserking, very quick
A: no striking features
a: Renounce Religion, Berserk


You were on level 2 of the Dungeon.
You worshipped Trog.
Trog was aware of your devotion.
You visited 1 branch of the dungeon, and saw 2 of its levels.

You collected 87 gold pieces.

Inventory:

Hand Weapons
 a - a +0 hand axe (weapon)
Armour
 e - a +1 pair of gloves (worn)
 j - a +0 scale mail (worn)
Jewellery
 b - an amulet of reflection
Scrolls
 c - a scroll of identify {unknown}
 d - a scroll of blinking {unknown}
 h - a scroll of amnesia {unknown}
 i - a scroll of enchant armour
Potions
 f - a potion of curing {unknown}
 g - a potion of lignification {unknown}
 k - a potion of heal wounds {unknown}


   Skills:
 + Level 4.2 Fighting
 + Level 4.7 Axes
 + Level 2.6 Armour
 + Level 1.8 Dodging
 + Level 0.1 Stealth


You had 2 spell levels left.
You didn't know any spells.
Your spell library was empty.

Dungeon Overview and Level Annotations

Branches:
Dungeon (2/15)

Altars:

Shops:
D:1 *:


Message History

Unknown command.
No target in view!
Unknown command.
No target in view!
Unknown command.
No target in view!
Unknown command.
No target in view!
A goblin comes into view.
It is wielding the +11 short sword "Hydrabane" {spect, rF+ rN+ Int+4 Dex+3}.
A goblin is nearby!
A goblin is nearby!
A kobold comes into view. It is wielding a +0 whip.
The kobold shouts!
The goblin shouts!
You hear an angry hiss.
The goblin unwields the +11 short sword "Hydrabane" {spect, rF+ rN+ Int+4 Dex+3}.
The goblin wields a +0 sling.
The goblin shoots a sling bullet.
The sling bullet barely misses you.
Unknown command.
The goblin shoots a sling bullet.
The sling bullet closely misses you.
Unknown command.
A ball python comes into view.
The goblin unwields a +0 sling.
The goblin wields the +11 short sword "Hydrabane" {spect, rF+ rN+ Int+4 Dex+3}.
The goblin hits you with the +11 short sword "Hydrabane" {spect, rF+ rN+ Int+4 Dex+3}!
The +11 short sword "Hydrabane" {spect, rF+ rN+ Int+4 Dex+3} hits you.
The ball python moves out of view.
A +11 short sword "Hydrabane" {spect, rF+ rN+ Int+4 Dex+3} comes into view.
You hit the +11 short sword "Hydrabane" {spect, rF+ rN+ Int+4 Dex+3} but do no damage.
You closely miss the goblin. The goblin barely misses you.
The +11 short sword "Hydrabane" {spect, rF+ rN+ Int+4 Dex+3} hits you!
* * * LOW HITPOINT WARNING * * *
Unknown command.
You are too injured to fight recklessly!
Unknown command.
You are too injured to fight recklessly!
A red film seems to cover your vision as you go berserk!
You feel yourself moving faster!
You feel mighty!
The goblin hits you with the +11 short sword "Hydrabane" {spect, rF+ rN+ Int+4 Dex+3}!
* * * LOW HITPOINT WARNING * * *
The +11 short sword "Hydrabane" {spect, rF+ rN+ Int+4 Dex+3} hits you!
You die...

##################
#.................
#.################
#.# ...... #.#
....## #.# #.....
#.# .##.## #.# #
#@# ## #(g..# ##~
#K#.## ##~~ #...#
##~~. #.. . ##~~..
.....# #~~... .###
. #~.... . ..
#~.... #~....


You could see a +11 short sword "Hydrabane" {spect, rF+ rN+ Int+4 Dex+3}, a
goblin and a kobold.

Vanquished Creatures
  A worm (D:2)
  A dart slug (D:1)
  4 bats
  5 endoplasms
  3 giant cockroaches
  4 hobgoblins
  3 kobolds (D:1)
  2 ball pythons
  2 frilled lizards (D:1)
  2 rats (D:1)
27 creatures vanquished.

Notes
Turn   | Place    | Note
-------+----------+-------------------------------------------
     0 | D:1      | SirLogeyBear the Hill Orc Berserker began the quest for the
                  | Orb.
     0 | D:1      | Reached XP level 1. HP: 19/19 MP: 1/1
    25 | D:1      | Found Mavver's General Store.
   278 | D:1      | Found Lest's Book Emporium.
   290 | D:1      | Reached XP level 2. HP: 27/27 MP: 2/2
   393 | D:1      | Found a faded altar of an unknown god.
   697 | D:1      | Reached XP level 3. HP: 19/33 MP: 3/3
  1401 | D:2      | Identified the +11 short sword "Hydrabane" {spect, rF+ rN+
                  | Int+4 Dex+3}
  1406 | D:2      | HP: 1/49 [goblin/the +11 short sword "Hydrabane" {spect,
                  | rF+ rN+ Int+4 Dex+3} (13)]
  1406 | D:2      | Mangled by a +11 short sword "Hydrabane" {spect, rF+ rN+
                  | Int+4 Dex+3}

Illustrated notes

Levels and vault maps discovered:
D:1:      saegor_arrival_simple_a, layout_loops_ring,
          ebering_ecumenical_altar_abandoned, serial_shops, shop,
          nicolae_shop_crystal, minmay_tiny_reverse_x
D:2:      layout_basic, kennysheep_big_empty_room

Skill      XL: |  1  2 |
---------------+-------+-----
Fighting       | 4 |  4.2
Axes           | |  4.7
Armour         | |  2.6
Dodging        | |  1.8
Stealth        | |  0.1

Action                     || total
---------------------------++-------
  Melee: Hand axe          ||    69
         Punch             ||     2
 Invoke: Berserk           ||     1
    Use: Scroll            ||     1
   Stab: Sleeping          ||     2
 Armour: Animal skin       ||     8
         Scale mail        ||     8
  Dodge: Dodged            ||    45
